Map: New Gettysburg LE

Players

Has - Winner!

  • Race: Protoss Protoss

MaNa

  • Race: Protoss Protoss

Event: 2016 WCS Summer Circuit Championship (DH Montreal)

VOD

https://youtu.be/ekxPk4Qq2qE?t=8m48s

Description

Time

  • Played on: Aug. 12, 2016, 11:37 a.m.
  • Length: 5:45

All games in this series

Show
View Real Time Build Order
Export as new Build Order

Has Protoss - Winner!

Build Orders: Oracle Opening 

Get SALT Encoding   

  12  0:01  Probe (Chrono Boost)  
  13  0:11  Probe (Chrono Boost)  
  14  0:17  Pylon  
  14  0:22  Probe (Chrono Boost)  
  16  0:36  Probe (Chrono Boost)  
  16  0:38  Gateway  
  16  0:46  Probe (Chrono Boost)  
  17  0:50  Assimilator  
  17  0:54  Assimilator  
  17  0:57  Probe (Chrono Boost)  
  18  1:05  Gateway  
  18  1:08  Probe (Chrono Boost)  
  19  1:19  Probe (Chrono Boost)  
  19  1:25  Cybernetics Core  
  20  1:29  Probe (Chrono Boost)  
  21  1:38  Pylon  
  21  1:42  Probe (Chrono Boost)  
  22  1:53  Probe (Chrono Boost)  
  23  1:54  Warp Gate  
  23  2:01  Adept x2  
  27  2:15  Pylon  
  27  2:23  Stargate  
  27  2:27  Probe (Chrono Boost)  
  28  2:36  Pylon  
  28  3:01  Nexus  
  28  3:08  Mothership Core (Chrono Boost)  
  32  3:32  Oracle  
  33  3:34  Probe (Chrono Boost)  
  32  3:46  Probe (Chrono Boost)  
  31  3:53  Pylon  
  31  3:56  Stalker x2  
  31  3:58  Probe (Chrono Boost)  
  36  4:10  Probe (Chrono Boost)  
  36  4:14  Robotics Facility  
  36  4:16  Oracle  
  36  4:17  Probe (Chrono Boost)  
  37  4:23  Probe (Chrono Boost)  
  41  4:27  Probe (Chrono Boost)  
  42  4:35  Probe (Chrono Boost), Sentry x2  
  42  4:38  Probe (Chrono Boost)  
  49  4:47  Probe (Chrono Boost)  
  49  4:48  Probe (Chrono Boost)  
  50  4:58  Stalker  
  50  4:59  Stalker  
  47  5:16  Probe (Chrono Boost)  
  47  5:21  Probe (Chrono Boost)  
  44  5:32  Stalker  
Show
View Real Time Build Order
Export as new Build Order

MaNa Protoss 

Build Orders:  

Get SALT Encoding   

  12  0:01  Probe (Chrono Boost)  
  13  0:11  Probe (Chrono Boost)  
  14  0:18  Pylon  
  14  0:22  Probe (Chrono Boost)  
  15  0:37  Probe (Chrono Boost)  
  15  0:39  Gateway  
  16  0:47  Probe (Chrono Boost)  
  16  0:48  Assimilator  
  17  0:58  Probe (Chrono Boost)  
  17  0:59  Assimilator  
  18  1:06  Gateway  
  18  1:09  Probe (Chrono Boost)  
  19  1:19  Probe (Chrono Boost)  
  20  1:28  Cybernetics Core  
  20  1:30  Probe (Chrono Boost)  
  21  1:33  Pylon  
  21  1:40  Probe (Chrono Boost)  
  22  1:51  Probe (Chrono Boost)  
  23  1:57  Warp Gate  
  23  2:06  Mothership Core (Chrono Boost)  
  25  2:13  Stalker  
  27  2:17  Stalker  
  27  2:20  Pylon  
  29  2:43  Stalker  
  31  2:47  Stalker  
  33  3:07  Pylon  
  33  3:13  Stalker  
  33  3:17  Stalker  
  37  3:21  Robotics Facility  
  37  3:32  Nexus  
  37  3:37  Probe (Chrono Boost)  
  38  3:49  Probe (Chrono Boost)  
  39  3:57  Pylon  
  39  4:06  Pylon  
  39  4:15  Observer  
  40  4:18  Probe (Chrono Boost)  
  41  4:24  Stalker x2  
  41  4:29  Probe (Chrono Boost)  
  41  4:40  Probe (Chrono Boost)  
  38  4:47  Adept  
  38  4:48  Adept  
  38  4:51  Probe (Chrono Boost)  
  44  4:54  Probe (Chrono Boost)  
  44  5:03  Probe (Chrono Boost)  
  45  5:10  Probe (Chrono Boost)  
  39  5:15  Stalker  
  39  5:20  Stalker  
  35  5:23  Probe (Chrono Boost)  
  35  5:27  Probe (Chrono Boost)  
Tags
 
Add a new tag
Caveats
  • Supply blocks, unpowered buildings, or Contaminate may cause inaccurate times.
  • Supply counts are checked every 10 seconds.